 Dungeon Sprint DCSS version 0.26.1-11-gd32895ea62 (webtiles) character file.

Game seed: 10955048092899955847

9300 Zeld the Earth Mage (level 11, -18/43 HPs)
             Began as a Gargoyle Earth Elementalist on June 9, 2021.
             Was a High Priest of Sif Muna.
             Demolished by a lorocyproca (23 damage)
             ... in the Dungeon (Sprint I: "Red Sonja").
             The game lasted 00:07:46 (5961 turns).

Zeld the Earth Mage (Gargoyle Earth Elementalist)   Turns: 5961, Time: 00:07:47

Health: -18/43     AC: 10    Str: 13    XL:     11   Next: 44%
Magic:  1/26       EV: 17    Int: 18    God:    Sif Muna [*****.]
Gold:   161        SH:  0    Dex: 10    Spells: 4/33 levels left

rFire    . . .     SeeInvis .   (no weapon)
rCold    . . .     Faith    .   (no shield)
rNeg     + . .     Spirit   .   c - +0 robe
rPois    ∞         Reflect  .   (no helmet)
rElec    +         Harm     .   (no cloak)
rCorr    .         Rampage  .   (no gloves)
Will     .....     Rnd*Rage +   (no boots) Stlth ++........NoTele +
                                (no amulet)
HPRegen  0.14/turn              (no ring)
MPRegen  0.20/turn              (no ring)

@: no status effects
A: berserk 1, blurry vision 1, frail 2, negative energy resistance 1, screaming
1, electricity resistance, unbreathing, petrification resistance, miasma
immunity, AC +8
a: Renounce Religion, Channel Magic, Forget Spell, Divine Exegesis


You were in the Dungeon.
You worshipped Sif Muna.
Sif Muna was extremely pleased with you.
You visited 1 branch You collected 1071 gold pieces.
You spent 910 gold pieces at shops.

Inventory:

Missiles
 b - 25 stones (quivered)
Armour
 c - a +0 robe (worn)
Wands
 a - a wand of random effects (26)
Scrolls
 i - a scroll of enchant weapon
 j - 3 scrolls of identify
Potions
 d - 6 potions of curing
 e - 2 potions of heal wounds
 f - 2 potions of haste
 g - 3 potions of magic
 h - a potion of berserk rage
 k - a potion of might
 l - a potion of resistance
 m - a potion of ambrosia


   Skills:
 + Level 10.7 Dodging
 - Level 2.1 Stealth
 + Level 11.5 Spellcasting
 - Level 0.7 Transmutations
 * Level 19.4 Earth Magic
 * Level 13.6 Invocations


You had 4 spell levels left.
You knew the following spells:

 Your Spells              Type           Power        Failure   Level
a - Sandblast             Erth           100%         0%          1
b - Passwall              Tmut/Erth      38%          1%          2
c - Stone Arrow           Conj/Erth      90%          1%          3
d - Petrify               Tmut/Erth      46%          1%          4
e - Lee's Rapid Deconstr  Erth           34%          1%          5
f - Iron Shot             Conj/Erth      22%          19%         6
g - Lehudib's Crystal Sp  Conj/Erth      22%          100%        8

Your spell library contained the following spells:

 Spells                   Type           Power        Failure   Level
 Corpse Rot               Necr/Air       N/A          11%         2
 Borgnjor's Vile Clutch   Necr/Erth      22%          3%          5
 Bolt of Magma            Conj/Fire/Erth 16%          13%         5
 Excruciating Wounds      Necr           5%           88%         5
 Shatter                  Erth           34%          93%         9
 Conjure Ball Lightning   Conj/Air       5%           100%        6
 Death Channel            Necr           5%           100%        6
 Starburst                Conj/Fire      5%           100%        6


Dungeon Overview and Level Annotations

Branches:
Dungeon (1/1)

Altars:
Cheibriados
Dithmenos
Elyvilon
Fedhas
Gozag
Hepliaklqana
Kikubaaqudgha
Makhleb
Nemelex Xobeh
Okawaru
Qazlal
Ru
Sif Muna
Trog
Uskayaw
Vehumet
Wu Jian
Xom
Yredelemnul
Zin
The Shining One
Jiyva
Lugonu

Shops:
D !?*(*![


Innate Abilities, Weirdness & Mutations

You are resistant to torment.
Your stone body is resilient. (AC +8)
You are immune to poison.
You resist negative energy. (rN+)
You are resistant to electric shocks. (rElec)
You can survive without breathing.
You are immune to petrification.
You are immune to miasma.
You tend to lose your temper in combat.
Scrolls take you a little longer to read.
You are very frail. (-20% HP)
You occasionally shout uncontrollably at your foes.


Message History

You feel your power leaking away.
Unknown command.
Okay, then.
You feel much better. Something hits you!!
* * * LOW HITPOINT WARNING * * *
You feel your power leaking away.
Unknown command.
Unknown command.
Unknown command.
Casting: Lee's Rapid Deconstruction (safe; 1% risk of failure)
Confirm with . or Enter, or press ? or * to list all spells.
Aiming: Passwall (safe; 1% risk of failure)
Press: ? - help, Dir - move target A rock wall.
Something hits you.
* * * LOW HITPOINT WARNING * * *
You begin to meditate on the wall.
You continue meditating on the rock.
Something hits you!!
Ouch! That really hurt!
You die...

#################################
'..#..'..#__#.)'[..#.?#§§..§...§§
#..)..#..'..'..#...##'#§####§§..§
##'#####'#__####@..§§§#.# ##§.§#
#..#...#.#### #####§.§.#+#$###+#
####..##.# ##'####^.$#y#.#
___##'#_.+ #°°...#○.$###§.
∩...'.)._# #°°°.°°°.$$$##.
.__##_(#'##+### ###^○.#^....# .
___###'#[#)...### #.°○###++## #
######.####'###.## #..##
....'...'.....'.∩# #^.#


There were no monsters in sight!

Vanquished Creatures
  Sonja (D)
  A deep troll (D)
  A lindwurm (D)
  8 shining eyes (D)
  A gargoyle (D)
  2 kobold demonologists (D)
  4 demonic crawlers (D)
  A slime creature (D)
  Sigmund (D)
  13 hogs (D)
  A yak (D)
  5 floating eyes (D)
  An ogre (D)
  A jelly (D)
  Ijyb (D)
  A ballistomycete spore (D)
43 creatures vanquished.

Vanquished Creatures (others)
  A gargoyle (D)
  A ballistomycete spore (D)
2 creatures vanquished.

Grand Total: 45 creatures vanquished

Notes
Turn   | Place    | Note
-------+----------+-------------------------------------------
     0 | D        | Zeld the Gargoyle Earth Elementalist began the quest for
                  | the Orb.
     0 | D        | Reached XP level 1. HP: 10/10 MP: 3/3
     2 | D        | Noticed Ijyb
     8 | D        | Killed Ijyb
     9 | D        | Reached skill level 6 in Earth Magic
     9 | D        | Reached XP level 2. HP: 15/15 MP: 4/6
     9 | D        | Reached XP level 3. HP: 19/19 MP: 4/7
    17 | D        | Killed a gargoyle
    35 | D        | Learned a level 2 spell: Passwall
    39 | D        | Learned a level 3 spell: Stone Arrow
   218 | D        | Noticed an ogre
   228 | D        | Killed an ogre
   229 | D        | Reached skill level 8 in Earth Magic
   229 | D        | Reached XP level 4. HP: 24/24 MP: 1/10
   235 | D        | Learned a level 4 spell: Petrify
   417 | D        | Noticed Sigmund
   695 | D        | Killed Sigmund
   696 | D        | Reached skill level 5 in Dodging
   696 | D        | Reached skill level 11 in Earth Magic
   696 | D        | Reached XP level 5. HP: 28/28 MP: 7/13
   696 | D        | Reached XP level 6. HP: 32/32 MP: 8/15
   702 | D        | Learned a level 5 spell: Lee's Rapid Deconstruction
   953 | D        | Found an ornate altar of the Wu Jian Council.
   953 | D        | Found a shimmering blue altar of Sif Muna.
   955 | D        | Found a radiant altar of Vehumet.
   961 | D        | Became a worshipper of Sif Muna the Loreminder
  1023 | D        | Found Unnush's Weapon Emporium.
  1023 | D        | Found an ancient bone altar of Kikubaaqudgha.
  1023 | D        | Found a hazy altar of Hepliaklqana.
  1023 | D        | Found a hide-covered altar of Uskayaw.
  1023 | D        | Found a basalt altar of Yredelemnul.
  1023 | D        | Found an opulent altar of Gozag.
  1023 | D        | Found a snail-covered altar of Cheibriados.
  1023 | D        | Found a sacrificial altar of Ru.
  1023 | D        | Found a shadowy altar of Dithmenos.
  1023 | D        | Noticed a yak
  1024 | D        | Found a stormy altar of Qazlal.
  1024 | D        | Found a blossoming altar of Fedhas.
  1024 | D        | Found a bloodstained altar of Trog.
  1024 | D        | Found an iron altar of Okawaru.
  1024 | D        | Found a glowing silver altar of Zin.
  1029 | D        | Killed a yak
  1030 | D        | Reached skill level 12 in Earth Magic
  1030 | D        | Reached XP level 7. HP: 30/36 MP: 0/17
  1030 | D        | Found a glowing golden altar of the Shining One.
  1030 | D        | Found a white marble altar of Elyvilon.
  1034 | D        | Found a sparkling altar of Nemelex Xobeh.
  1073 | D        | Bought 9 stones for 12 gold pieces
  1073 | D        | Bought 25 stones for 35 gold pieces
  1201 | D        | Noticed Sonja
  1208 | D        | Killed Sonja
  1208 | D        | Reached * piety under Sif Muna
  1209 | D        | Reached skill level 14 in Earth Magic
  1209 | D        | Reached XP level 8. HP: 41/41 MP: 1/20
  1604 | D        | Noticed a deep troll
  1608 | D        | Killed a deep troll
  1609 | D        | Reached skill level 15 in Earth Magic
  1609 | D        | Reached skill level 5 in Invocations
  1733 | D        | Found Emooxtoy's Armour Emporium.
  1763 | D        | Found Weuxzietu's Distillery.
  1771 | D        | Bought 2 potions of heal wounds for 100 gold pieces
  1771 | D        | Bought a potion of magic for 80 gold pieces
  1771 | D        | Bought a potion of heal wounds for 50 gold pieces
  1771 | D        | Bought a potion of haste for 100 gold pieces
  1771 | D        | Bought a potion of curing for 30 gold pieces
  1771 | D        | Bought a potion of curing for 30 gold pieces
  1771 | D        | Bought a potion of curing for 30 gold pieces
  1931 | D        | Noticed a shining eye
  1931 | D        | Noticed a shining eye
  1931 | D        | Noticed a shining eye
  1931 | D        | Gained mutation: You tend to lose your temper in combat. [a
                  | shining eye]
  1937 | D        | Gained mutation: You occasionally shout uncontrollably at
                  | your foes. [a shining eye]
  1941 | D        | Killed a shining eye
  1941 | D        | Reached ** piety under Sif Muna
  1942 | D        | Reached XP level 9. HP: 45/45 MP: 17/22
  1943 | D        | Killed a shining eye
  1944 | D        | Reached skill level 16 in Earth Magic
  1944 | D        | Killed a shining eye
  1944 | D        | Noticed a shining eye
  1948 | D        | Killed a shining eye
  1948 | D        | Reached *** piety under Sif Muna
  1949 | D        | Reached XP level 10. HP: 50/50 MP: 1/23
  1955 | D        | Noticed a shining eye
  1958 | D        | Noticed a shining eye
  1962 | D        | Paralysed by a floating eye for 2 turns
  1966 | D        | Killed a shining eye
  1967 | D        | Reached skill level 10 in Spellcasting
  1967 | D        | Reached skill level 17 in Earth Magic
  1969 | D        | Paralysed by a floating eye for 3 turns
  1978 | D        | Paralysed by a floating eye for 2 turns
  1979 | D        | Gained mutation: Scrolls take you a little longer to read.
                  | [a shining eye]
  1981 | D        | Gained mutation: You are frail. (-10% HP) [a shining eye]
  1986 | D        | Paralysed by a floating eye for 4 turns
  1986 | D        | Gained mutation: You are very frail. (-20% HP) [a shining
                  | eye]
  1990 | D        | Killed a shining eye
  1991 | D        | Reached skill level 10 in Invocations
  2002 | D        | Reached **** piety under Sif Muna
  2012 | D        | Noticed a shining eye
  2020 | D        | Noticed a shining eye
  2033 | D        | Killed a shining eye
  2198 | D        | Killed a shining eye
  2320 | D        | Found Inast's Magic Scroll Shoppe.
  2320 | D        | Found Jyukusip's Assorted Antiques.
  2320 | D        | Found Mehoapp's General Store.
  2320 | D        | Found Ubaskulo's Distillery.
  2325 | D        | Bought a scroll of blinking for 97 gold pieces
  2325 | D        | Bought a scroll of identify for 26 gold pieces
  2327 | D        | Bought a scroll of identify for 20 gold pieces
  2327 | D        | Bought a potion of resistance for 100 gold pieces
  2327 | D        | Bought a potion of ambrosia for 80 gold pieces
  2373 | D        | Found a burning altar of Makhleb.
  2373 | D        | Found a viscous altar of Jiyva.
  2373 | D        | Found a shimmering altar of Xom.
  2373 | D        | Found a corrupted altar of Lugonu.
  2564 | D        | Noticed a kobold demonologist
  2564 | D        | Noticed a kobold demonologist
  2566 | D        | Reached skill level 18 in Earth Magic
  2566 | D        | Killed a kobold demonologist
  2571 | D        | Killed a kobold demonologist
  2571 | D        | Reached ***** piety under Sif Muna
  2571 | D        | Identified Ytyuhuil's Grimoire of Clay (Sif Muna gifted it
                  | to you in the Dungeon)
  2571 | D        | Received a gift from Sif Muna
  2582 | D        | Learned a level 6 spell: Iron Shot
  2591 | D        | Learned a level 8 spell: Lehudib's Crystal Spear
  3086 | D        | Reached skill level 10 in Dodging
  3713 | D        | Reached XP level 11. HP: 4/43 MP: 7/25
  4451 | D        | Bought a scroll labelled DURIAR SYEQA for 21 gold pieces
  4451 | D        | Bought a scroll labelled HUVOSA ULUEPSE for 21 gold pieces
  4458 | D        | Bought a scroll of identify for 26 gold pieces
  4458 | D        | Bought a scroll of identify for 26 gold pieces
  4458 | D        | Bought a scroll of identify for 26 gold pieces
  4703 | D        | Noticed a lindwurm
  4706 | D        | Killed a lindwurm
  5107 | D        | Reached skill level 19 in Earth Magic
  5110 | D        | Identified Sif Muna's Grimoire of Necromancy and Attacks
                  | (Sif Muna gifted it to you in the Dungeon)
  5110 | D        | Received a gift from Sif Muna
  5378 | D        | Noticed a daeva
  5961 | D        | Demolished by a lorocyproca

Illustrated notes

Levels and vault maps discovered:
D:        dungeon_sprint_1 [red_sonja_temple_1, red_sonja_temple_small_1]

Skill      XL: |  1  2  3  4  5  6  7  8  9 10 11 |
---------------+----------------------------------+-----
Dodging        | 2 4 5 6 7 8 9 10 | 10.7
Spellcasting   | 3 4 6 8 9 10 11 | 11.5
Earth Magic    | 6 8 11 12 14 15 16 18 19 | 19.4
Invocations    | 6 9 12 13 | 13.6
Stealth        | |  2.1
Transmutations | |  0.7

Action                   |  1- 3 |  4- 6 |  7- 9 | 10-12 || total
-------------------------+-------+-------+-------+-------++-------
Melee: Unarmed           |     5 |       |       |    16 ||    21
 Cast: Passwall          |     2 |     2 |       |     3 ||     7
       Stone Arrow       |     2 |     5 |     5 |    22 ||    34
       Sandblast         |     1 |     6 |    10 |    22 ||    39
       Lee's Rapid Decon |       |       |     7 |    22 ||    29
       Lehudib's Crystal |       |       |       |     1 ||     1
Invok: Divine Exegesis   |       |       |       |     1 ||     1
       Channel Magic     |       |       |       |     1 ||     1
Evoke: Wand              |     1 |       |       |       ||     1
  Use: Potion            |     1 |       |       |     3 ||     4
       Scroll            |       |       |       |     5 ||     5
Armor: Robe              |       |       |       |    28 ||    28
Dodge: Dodged            |     2 |     6 |     2 |    70 ||    80
